 Dungeon Crawl Stone Soup version 0.19.5 (webtiles) character file.

92375 Azzok the Crack Shot (level 15, 0/141 HPs)
             Began as a Minotaur Fighter on May 27, 2017.
             Was the Champion of Okawaru.
             Slain by a harpy (9 damage)
             ... on level 1 of the Shoals.
             The game lasted 01:17:12 (32392 turns).

Azzok the Crack Shot (Minotaur Fighter)            Turns: 32392, Time: 01:17:13

Health: 0/141      AC: 19    Str: 27      XL:     15   Next: 57%
Magic:  21/21      EV:  7    Int:  4 (5)  God:    Okawaru [******]
Gold:   1611       SH:  0    Dex: 10      Spells: 1 memorised, 12 levels left

rFire  + + .     SeeInvis .     a - +7 longbow of Fury {freeze, rPois Stlth+}
rCold  . . .     Gourm    .     F - +3 plate armour {rF+}
rNeg   + . .     Faith    +     (shield currently unavailable)
rPois  +         Spirit   .     G - +0 hat
rElec  .         Reflect  .     S - +1 cloak {+Inv}
rCorr  .         Harm     .     C - +0 pair of gloves
MR     +++..                    x - +0 pair of boots
Stlth  ..........               N - amulet "Omosoel" {Faith rN+ Stlth+}
                                X - ring of protection from cold
                                w - ring "Fionull" {Fire MR++}

@: marked
A: retaliatory headbutt, horns 2
a: Heroism, Finesse, Renounce Religion, Evoke Invisibility


You were on level 1 of the Shoals.
You worshipped Okawaru.
Okawaru was exalted by your worship.
You were not hungry.

You visited 4 branches of the dungeon, and saw 24 of its levels.
You also visited: Ice Cave.

You collected 2513 gold pieces.
You spent 902 gold pieces at shops.

Inventory:

Hand Weapons
 a - the +7 longbow of Fury (weapon) {freeze, rPois Stlth+}
   (Okawaru gifted it to you on level 3 of the Lair of Beasts)

   It causes projectiles fired from it to freeze those they strike, causing
   extra injury to most foes and up to half again as much damage against
   particularly susceptible opponents.
   They can also slow down cold-blooded creatures.
   It protects you from poison.
   It makes you more stealthy.
 L - the +9 falchion "Mesudupt" {holy, *Slow rPois rF+ Int+2}
   (You found it on level 3 of the Lair of Beasts)

   It has been blessed by the Shining One to cause great damage to the undead
   and demons.
   It affects your intelligence (+2).
   It protects you from fire.
   It protects you from poison.
   It may slow you when you take damage.
Missiles
 R - 507 arrows (quivered)
Armour
 x - a +0 pair of boots (worn)
 z - the +1 chain mail "Ywakh" {rC++ rN+}
   (You bought it in a shop on level 2 of the Orcish Mines)

   It greatly protects you from cold.
   It protects you from negative energy.
 C - a +0 pair of gloves (worn)
 F - a +3 plate armour of fire resistance (worn)
 G - a +0 hat (worn)
 S - a +1 cloak of invisibility (worn)
Rods
 Y - a +4 rod of clouds (12/12)
   (You took it off an orc on level 14 of the Dungeon)
Jewellery
 e - the amulet of Leaves {+Rage rC+ Str+4 Int+4}
   (You acquired it on level 11 of the Dungeon)

   [amulet of rage]

   It affects your strength (+4).
   It affects your intelligence (+4).
   It protects you from cold.
   It lets you go berserk.
 h - an uncursed ring of protection from cold
 o - an uncursed ring of poison resistance
 w - the ring "Fionull" (left hand) {Fire MR++}
   (You bought it in a shop on level 2 of the Orcish Mines)

   [ring of fire]

   It enhances your fire magic.
   It protects you from fire.
   It makes you vulnerable to cold.
   It affects your resistance to hostile enchantments.
 y - a +5 ring of strength
 N - the amulet "Omosoel" (around neck) {Faith rN+ Stlth+}
   (You found it on level 13 of the Dungeon)

   [amulet of faith]

   It allows you to gain divine favour quickly.
   It protects you from negative energy.
   It makes you more stealthy.
 X - a ring of protection from cold (right hand)
Wands
 V - a wand of teleportation (3/9)
Scrolls
 g - 2 scrolls of magic mapping
 i - 12 scrolls of remove curse
 k - a scroll of silence
 m - a scroll of amnesia
 r - 3 scrolls of fog
 B - a scroll of recharging
 E - 3 scrolls of blinking {unknown}
 U - 3 scrolls of teleportation
Potions
 d - 2 potions of haste
 l - a potion of agility
 t - 2 potions of cancellation
 u - 2 potions of magic {unknown}
 v - 2 potions of heal wounds
 A - 6 potions of ambrosia
 D - a potion of mutation {unknown}
 O - 3 potions of curing
 T - 3 potions of resistance
Miscellaneous
 q - a phial of floods (inert)
 I - a lamp of fire (inert)
 W - 2 phantom mirrors
Comestibles
 b - a chunk of flesh {@w0}
 f - 14 bread rations {@e1}
 j - 13 meat rations {@e2}
 n - 9 fruits
 p - a royal jelly
 s - 4 beef jerkies
 K - 11 slices of pizza


   Skills:
 + Level 15.5 Fighting
 - Level 6.1 Long Blades
 * Level 21.9 Bows
 - Level 3.6 Armour
   Level 3.6 Shields
 - Level 10.4 Invocations


You had 12 spell levels left.
You knew the following spells:

 Your Spells              Type           Power        Failure   Level  Hunger
a - Blink                 Tloc           N/A          100%        2    ###....


Dungeon Overview and Level Annotations

Branches:
Dungeon (15/15)            Temple (0/1) D:4            Lair (6/6) D:9
 Shoals (1/4) Lair:3        Snake (0/4) Lair:2        Slime (0/5) Lair:6
    Orc (2/2) D:11            Elf (0/3) Orc:2        Vaults (0/5) D:14
 Depths (0/5) D:15

Altars:
Ashenzari
Cheibriados
Elyvilon
Gozag
Kikubaaqudgha
Makhleb
Okawaru
Qazlal
Trog
Uskayaw
Vehumet
Xom
The Shining One
Beogh

Shops:
D:4 %   Orc:1 ?   Orc:2 =*[(

Annotations:
D:14 2 runed doors


Innate Abilities, Weirdness & Mutations

You reflexively headbutt those who attack you in melee.
You have a pair of horns on your head.


Message History

The harpy claws you!
* * * LOW HITPOINT WARNING * * *
A harpy comes into view.
Firing (i - inventory):
R - 508 arrows (quivered)
Press: ? - help, Shift-Dir - straight line, f/p - harpy
Aim: a harpy (moderately wounded)
You shoot an arrow. The arrow hits the harpy!
The arrow freezes the harpy.
The harpy is heavily wounded.
You hear a splash.
The harpy claws you.
* * * LOW HITPOINT WARNING * * *
The harpy claws you but does no damage. x2; The harpy claws you.
* * * LOW HITPOINT WARNING * * *
The harpy claws you!
* * * LOW HITPOINT WARNING * * *
The harpy barely misses you. x2; The harpy claws you but does no damage.
The harpy barely misses you. The harpy claws you!
* * * LOW HITPOINT WARNING * * *
The harpy claws you!
You die...

≈············≈····>·≈·▒▒ ▒·≈·≈·≈
·············≈····▒···▒ ▒▒▒··≈≈·
≈·············≈≈≈·····▒▒▒▒·······
≈·············≈≈≈≈≈·············≈
≈·····≈≈≈≈≈≈≈··≈≈≈≈≈·····≈≈····≈≈
·····≈≈≈≈≈≈≈≈≈≈≈≈≈≈≈≈·≈≈≈≈≈····≈≈
···^·≈≈≈≈≈·≈≈≈≈≈≈≈≈≈≈≈≈≈≈······≈≈
······≈≈≈≈≈≈≈≈≈≈·≈≈≈≈≈≈≈≈·▒▒··≈≈·
·······≈≈(≈≈≈≈≈H@≈≈≈·>≈≈≈·▒▒▒·≈··
·······≈≈≈≈≈≈≈≈H(H≈≈··≈≈≈·······▒
··}···≈≈≈≈≈≈≈≈≈≈·≈≈≈≈≈≈≈≈··≈≈≈≈··
······≈≈≈≈≈≈≈≈≈·≈≈≈≈≈≈≈≈≈··≈··≈≈≈
·····≈≈≈≈≈≈≈≈≈≈≈≈≈H≈·≈≈≈≈·····≈≈·
····≈≈≈≈≈≈≈≈≈≈≈≈≈≈≈···≈≈≈·▒▒▒····
··≈≈≈≈≈≈≈≈≈≈≈≈≈≈≈≈≈·≈≈≈≈≈·▒▒·····
≈≈≈≈≈≈≈≈≈≈≈≈≈≈≈≈(≈≈·≈≈≈≈≈·▒▒·····
≈≈≈≈≈≈≈≈≈≈≈≈≈≈≈≈≈≈≈··≈≈≈≈····▒▒▒·


You could see 4 harpies.

Vanquished Creatures
  Gastronok (D:8)
  Agnes (D:15)
  A fire giant (D:15)
  An orc warlord (Orc:2)
  The ghost of quik the Unseen, an adept SpAK of Lugonu (IceCv)
  The ghost of Artagas the Grappler, a journeyman TrMo of Yredelemnul (IceCv)
  Fannar (Lair:1)
  A fire dragon (Lair:6)
  4 hydras
  Harold (D:11)
  Erica (D:10)
  3 ogre magi
  2 merfolk aquamancers (Shoals:1)
  4 centaur warriors
  An orc high priest (Orc:2)
  Urug (Lair:2)
  A shock serpent (shapeshifter) (D:15)
  Sonja (Lair:3)
  A fire crab (Lair:6)
  A deep elf knight (D:14)
  A fire crab (shapeshifter) (D:14)
  3 unseen horrors
  Pikel (D:9)
  3 hill giants
  2 necromancers
  A lindwurm (Lair:5)
  A wolf spider zombie (D:15)
  4 deep elf magi (D:14)
  A harpy (Shoals:1)
  4 orc knights
  4 manticores
  3 ugly things
  4 orc sorcerers (Orc:2)
  6 elephants (Lair:4)
  A siren (Shoals:1)
  10 black mambas
  Psyche (D:10)
  2 gargoyles
  4 ice statues (IceCv)
  3 molten gargoyles (Lair:6)
  9 spiny frogs
  A kobold demonologist (D:13)
  A rime drake (shapeshifter) (D:14)
  16 komodo dragons
  A komodo dragon (shapeshifter) (D:15)
  3 rime drakes
  8 ice devils (IceCv)
  A redback zombie (D:15)
  3 tengu conjurers
  10 trolls
  A wind drake (Shoals:1)
  3 merfolk (Shoals:1)
  Grinder (D:3)
  8 blink frogs
  Prince Ribbit (D:5)
  A wind drake (shapeshifter) (D:14)
  6 two-headed ogres
  15 hippogriffs
  5 slime creatures (D:15)
  6 dream sheep (Lair:5)
  Sigmund (D:4)
  A shadow (D:14)
  Eustachio (D:6)
  A vampire (D:15)
  4 basilisks
  6 wyverns
  A human (D:8)
  19 yaks
  5 water elementals (Shoals:1)
  A steam dragon (Lair:6)
  2 hungry ghosts (D:12)
  Menkaure (D:5)
  2 vampire mosquitoes (D:12)
  A naga (Lair:2)
  A warg (Orc:2)
  Edmund (D:6)
  3 hell hounds (Lair:6)
  16 water moccasins
  Duvessa (D:4)
  2 slaves (D:9)
  8 porcupines
  4 ice beasts
  31 orc warriors
  2 black bears
  A hornet zombie (D:6)
  6 sky beasts
  A phantom (D:7)
  3 eyes of draining
  A necrophage (D:12)
  15 wolves
  9 centaurs
  25 ogres
  12 crocodiles
  A gnoll sergeant (D:7)
  17 bullfrogs
  A water moccasin zombie (D:7)
  Dowan (D:4)
  A wyvern skeleton (D:12)
  3 scorpions
  16 wights
  7 killer bees
  7 electric eels
  6 howler monkeys
  8 crimson imps
  A quasit (D:10)
  4 lava snakes (Lair:6)
  3 bullfrog zombies
  5 draconian simulacra (IceCv)
  2 bullfrog skeletons
  6 hounds
  22 orc priests
  3 iron imps (D:8)
  3 jellies
  A basilisk zombie (Lair:4)
  2 centaur skeletons
  27 orc wizards
  8 hell rats (Lair:2)
  2 iguanas
  12 worker ants
  A spriggan simulacrum (IceCv)
  A troll simulacrum (IceCv)
  A crocodile zombie (Lair:4)
  A centaur simulacrum (IceCv)
  A hound skeleton (D:4)
  Robin (D:2)
  16 adders
  5 gnolls
  2 ogre simulacra (IceCv)
  18 river rats (Lair:2)
  7 shadow imps
  12 white imps (Lair:5)
  2 oozes (D:3)
  An adder skeleton (D:4)
  7 dart slugs
  A leopard gecko (D:2)
  85 orcs
  A ball python (D:4)
  7 giant cockroaches
  12 goblins
  11 hobgoblins
  10 jackals
  6 quokkas
  7 bats
  3 frilled lizards
  4 kobolds
  A leopard gecko skeleton (D:7)
  17 rats
  A fungus (Lair:6)
  4 plants
791 creatures vanquished.

Vanquished Creatures (others)
  An adder (D:11)
  A giant cockroach (D:6)
  A plant (Lair:5)
3 creatures vanquished.

Grand Total: 794 creatures vanquished

Notes
Turn   | Place    | Note
-------+----------+-------------------------------------------
     0 | D:1      | Azzok the Minotaur Fighter began the quest for the Orb.
     0 | D:1      | Reached XP level 1. HP: 19/19 MP: 0/0
   232 | D:1      | Reached XP level 2. HP: 26/26 MP: 1/1
   713 | D:1      | Reached XP level 3. HP: 33/33 MP: 2/2
  1103 | D:2      | Noticed Robin
  1190 | D:2      | Killed Robin
  1566 | D:2      | Found a shimmering altar of Xom.
  1568 | D:2      | Found an iron altar of Okawaru.
  1572 | D:2      | Became a worshipper of Warmaster Okawaru
  1591 | D:2      | Reached XP level 4. HP: 37/41 MP: 3/3
  2052 | D:3      | Reached skill level 5 in Fighting
  2057 | D:3      | Reached skill level 5 in Long Blades
  2085 | D:3      | Reached skill level 1 in Invocations
  2085 | D:3      | Reached XP level 5. HP: 28/48 MP: 4/4
  2381 | D:3      | Found a snail-covered altar of Cheibriados.
  2395 | D:3      | Found a stormy altar of Qazlal.
  2607 | D:3      | Found a glowing golden altar of the Shining One.
  2851 | D:4      | Noticed Grinder
  2851 | D:4      | Noticed a centaur
  2928 | D:3      | Paralysed by Grinder for 7 turns
  2945 | D:3      | Paralysed by Grinder for 6 turns
  2953 | D:3      | Paralysed by Grinder for 4 turns
  2959 | D:3      | Killed Grinder
  2959 | D:3      | Reached * piety under Okawaru
  2959 | D:3      | Reached XP level 6. HP: 17/58 MP: 4/6
  3205 | D:4      | Noticed Duvessa
  3206 | D:4      | Noticed Dowan
  3222 | D:4      | Killed Duvessa
  3222 | D:4      | Reached XP level 7. HP: 53/66 MP: 4/8
  3224 | D:4      | Killed Dowan
  3376 | D:4      | Found Gocaz's Food Shop.
  3571 | D:4      | Noticed Sigmund
  3588 | D:4      | Killed Sigmund
  3588 | D:4      | Reached ** piety under Okawaru
  3588 | D:4      | Reached skill level 2 in Bows
  3747 | D:4      | Reached skill level 3 in Bows
  4171 | D:4      | Reached XP level 8. HP: 68/73 MP: 10/10
  4211 | D:4      | Found a bloodstained altar of Trog.
  4230 | D:4      | Reached skill level 4 in Bows
  4435 | D:4      | Found a staircase to the Ecumenical Temple.
  4549 | D:4      | Reached skill level 5 in Bows
  4680 | D:4      | Noticed a hippogriff
  4686 | D:4      | Killed a hippogriff
  4686 | D:4      | Reached skill level 5 in Invocations
  4937 | D:4      | Reached skill level 6 in Bows
  4955 | D:5      | Entered Level 5 of the Dungeon
  4982 | D:5      | Noticed Prince Ribbit
  5091 | D:5      | Noticed Menkaure
  5107 | D:5      | Killed Menkaure
  5146 | D:5      | Killed Prince Ribbit
  5146 | D:5      | Reached skill level 7 in Bows
  5883 | D:6      | Reached XP level 9. HP: 74/79 MP: 12/12
  5944 | D:6      | Noticed Eustachio
  5974 | D:6      | Killed Eustachio
  5974 | D:6      | Reached *** piety under Okawaru
  5974 | D:6      | Reached skill level 8 in Bows
  6026 | D:6      | Found a white marble altar of Elyvilon.
  6203 | D:6      | Found a radiant altar of Vehumet.
  6280 | D:6      | Found a shattered altar of Ashenzari.
  6416 | D:6      | Reached skill level 9 in Bows
  6580 | D:6      | Noticed Edmund
  6603 | D:6      | Killed Edmund
  7064 | D:6      | Found an opulent altar of Gozag.
  7102 | D:6      | Noticed a dagger
  7103 | D:6      | Found a hide-covered altar of Uskayaw.
  7103 | D:6      | Noticed a hand axe
  7551 | D:7      | Reached **** piety under Okawaru
  7566 | D:7      | Reached skill level 10 in Bows
  8145 | D:7      | Received a gift from Okawaru
  8172 | D:7      | Reached XP level 10. HP: 32/86 MP: 14/14
  9334 | D:8      | Reached skill level 11 in Bows
  9465 | D:8      | Noticed Gastronok
  9499 | D:8      | Killed Gastronok
  9499 | D:8      | Received a gift from Okawaru
  9499 | D:8      | Received a gift from Okawaru
  9499 | D:8      | Received a gift from Okawaru
  9499 | D:8      | Reached skill level 12 in Bows
  9820 | D:8      | Found a burning altar of Makhleb.
 10114 | D:8      | Received a gift from Okawaru
 10182 | D:9      | Noticed Pikel
 10316 | D:9      | Killed Pikel
 10316 | D:9      | Reached ***** piety under Okawaru
 10586 | D:9      | Found a staircase to the Lair.
 11015 | D:9      | Got a smoking falchion
 11016 | D:9      | Identified the +7 falchion of an ossuary {protect, Fragile rC+ rN+ Str+4} (You found it on level 9 of the Dungeon)
 11263 | D:9      | Reached skill level 13 in Bows
 11263 | D:9      | Reached XP level 11. HP: 91/92 MP: 16/16
 11432 | D:10     | Entered Level 10 of the Dungeon
 11938 | D:10     | Noticed Erica
 11953 | D:10     | Killed Erica
 11953 | D:10     | Received a gift from Okawaru
 12135 | D:10     | Noticed Psyche
 12143 | D:10     | Killed Psyche
 12205 | D:10     | Received a gift from Okawaru
 12494 | D:11     | Noticed Harold
 12502 | D:11     | Killed Harold
 12585 | D:11     | Killed an unseen horror
 12590 | D:11     | Reached skill level 14 in Bows
 12595 | D:11     | Reached skill level 10 in Invocations
 12604 | D:11     | Received a gift from Okawaru
 13193 | D:11     | Identified a scroll of acquirement
 13197 | D:11     | Got a transparent ruby amulet
 13703 | D:11     | Noticed a cyan ugly thing
 13983 | D:11     | Killed a cyan ugly thing
 14053 | D:11     | Found a staircase to the Orcish Mines.
 14846 | D:11     | Found an ancient bone altar of Kikubaaqudgha.
 15000 | Lair:1   | Entered Level 1 of the Lair of Beasts
 15650 | Lair:1   | Reached skill level 15 in Bows
 15676 | Lair:1   | Noticed Fannar
 15696 | Lair:1   | Killed Fannar
 15897 | Lair:1   | Reached XP level 12. HP: 101/101 MP: 18/18
 16329 | Lair:2   | Found a staircase to the Snake Pit.
 17123 | Lair:2   | Noticed Urug
 17135 | Lair:2   | Killed Urug
 17363 | Lair:2   | Noticed a seven-headed hydra
 17366 | Lair:2   | Killed a seven-headed hydra
 17366 | Lair:2   | Received a gift from Okawaru
 17675 | Lair:3   | Reached skill level 16 in Bows
 17812 | Lair:3   | Noticed Sonja
 17826 | Lair:3   | Killed Sonja
 17864 | Lair:3   | Received a gift from Okawaru
 17867 | Lair:3   | Got a faintly glowing longbow {god gift}
 17868 | Lair:3   | Identified the +7 longbow of Fury {freeze, rPois Stlth+} (Okawaru gifted it to you on level 3 of the Lair of Beasts)
 18167 | Lair:3   | Got a faintly glowing falchion
 18169 | Lair:3   | Identified the amulet of Leaves {+Rage rC+ Str+4 Int+4} (You acquired it on level 11 of the Dungeon)
 18173 | Lair:3   | Identified the +9 falchion "Mesudupt" {holy, *Slow rPois rF+ Int+2} (You found it on level 3 of the Lair of Beasts)
 18297 | Lair:3   | Noticed a seven-headed hydra
 18302 | Lair:3   | Killed a seven-headed hydra
 18302 | Lair:3   | Reached skill level 10 in Fighting
 18452 | Lair:3   | Reached skill level 17 in Bows
 18513 | Lair:3   | Found a staircase to the Shoals.
 19140 | Lair:4   | Received a gift from Okawaru
 19211 | Lair:4   | Received a gift from Okawaru
 19212 | Lair:4   | Reached XP level 13. HP: 106/114 MP: 19/19
 20068 | Lair:5   | Received a gift from Okawaru
 20167 | Lair:5   | Reached ****** piety under Okawaru
 20168 | Lair:5   | Found a frozen archway.
 20188 | IceCv    | Entered an ice cave
 20208 | IceCv    | Noticed Artagas's ghost (journeyman TrMo)
 20235 | IceCv    | Killed Artagas's ghost
 20235 | IceCv    | Reached skill level 18 in Bows
 20662 | IceCv    | Noticed quik's ghost (adept SpAK)
 20781 | IceCv    | Killed quik's ghost
 21136 | IceCv    | Received a gift from Okawaru
 21375 | IceCv    | Got a steaming quarterstaff
 21396 | IceCv    | Got a scorched ring mail
 21399 | IceCv    | Identified the cursed +1 ring mail "Xistrylumn" {-Tele rCorr Int+9} (You found it in an ice cave)
 21401 | IceCv    | Identified the +8 quarterstaff of Egomania {freeze, rElec rF++ Str+2 Dex-5} (You found it in an ice cave)
 21917 | Lair:5   | Received a gift from Okawaru
 21934 | Lair:5   | Got a slimy shortbow {god gift}
 22405 | Lair:6   | Entered Level 6 of the Lair of Beasts
 22598 | Lair:6   | Reached skill level 19 in Bows
 22703 | Lair:6   | Received a gift from Okawaru
 22888 | Lair:6   | Reached XP level 14. HP: 127/127 MP: 20/20
 23457 | Lair:6   | Found a staircase to the Slime Pits.
 23783 | Lair:6   | Found a large runed door.
 23785 | Lair:6   | Found a large runed door.
 24604 | Lair:1   | Learned a level 2 spell: Blink
 24844 | D:12     | Received a gift from Okawaru
 25081 | D:12     | Reached skill level 20 in Bows
 25381 | D:13     | Received a gift from Okawaru
 25665 | D:13     | Received a gift from Okawaru
 25669 | D:13     | Got an ancient longbow {god gift}
 25670 | D:13     | Identified the +7 longbow "Ohuesif Faso" {freeze, MR- Dex+6} (Okawaru gifted it to you on level 13 of the Dungeon)
 25717 | D:13     | Got a steaming steel amulet
 26873 | D:14     | Found a gate to the Vaults.
 26942 | D:14     | Found a runed door.
 27206 | D:13     | Received a gift from Okawaru
 27568 | D:14     | Found a shattered altar of Ashenzari.
 27586 | D:14     | Found a runed door.
 27603 | D:14     | Received a gift from Okawaru
 27991 | D:15     | Entered Level 15 of the Dungeon
 28083 | D:15     | Reached XP level 15. HP: 139/139 MP: 21/21
 28176 | D:15     | Found a staircase to the Depths.
 28177 | D:15     | Noticed a fire giant
 28186 | D:15     | Killed a fire giant
 28186 | D:15     | Reached skill level 21 in Bows
 28195 | D:15     | Received a gift from Okawaru
 28357 | D:15     | Identified the amulet "Omosoel" {Faith rN+ Stlth+} (You found it on level 13 of the Dungeon)
 28576 | D:15     | Received a gift from Okawaru
 28657 | D:15     | Noticed Agnes
 28665 | D:15     | Killed Agnes
 29087 | D:15     | Reached skill level 15 in Fighting
 29359 | Orc:1    | Entered Level 1 of the Orcish Mines
 29376 | Orc:1    | Found Peasoschu's Magic Scroll Emporium.
 29387 | Orc:1    | Bought a scroll of magic mapping for 42 gold pieces
 29387 | Orc:1    | Bought a scroll of identify for 24 gold pieces
 29743 | Orc:2    | Entered Level 2 of the Orcish Mines
 30064 | Orc:2    | Found a staircase to the Elven Halls.
 30128 | Orc:2    | Paralysed by an orc sorcerer for 4 turns
 30560 | Orc:2    | Noticed an orc warlord
 30565 | Orc:2    | Killed an orc warlord
 30696 | Orc:2    | Found a roughly hewn altar of Beogh.
 30765 | Orc:2    | Found Faten's Antique Armour Emporium.
 30776 | Orc:2    | Found Wamerr's Jewellery Emporium.
 30790 | Orc:2    | Found Nyatree's General Store.
 30815 | Orc:2    | Found Lener's Antique Weapon Emporium.
 30863 | Orc:2    | Bought a potion of brilliance for 40 gold pieces
 31296 | Orc:2    | Bought the ring "Fionull" {Fire MR++} for 606 gold pieces
 31312 | Orc:2    | Bought an encrusted chain mail for 190 gold pieces
 31312 | Orc:2    | Identified the +1 chain mail "Ywakh" {rC++ rN+} (You bought it in a shop on level 2 of the Orcish Mines)
 31525 | Shoals:1 | Entered Level 1 of the Shoals
 32057 | Shoals:1 | Received a gift from Okawaru
 32392 | Shoals:1 | Slain by a harpy

Skill      XL: |  1  2  3  4  5  6  7  8  9 10 11 12 13 14 15 |
---------------+----------------------------------------------+-----
Long Blades    | 3 4 5 6 |  6.1
Fighting       | 4 5 6 7 8 10 12 14 15 | 15.5
Invocations    | 1 2 4 5 7 9 10 | 10.4
Bows           | 3 7 10 13 15 17 19 20 21 | 21.9
Armour         | |  3.6
Shields        | |  3.6

Action                   |  1- 3 |  4- 6 |  7- 9 | 10-12 | 13-15 || total
-------------------------+-------+-------+-------+-------+-------++-------
Melee: Long sword        |   112 |   147 |   499 |    11 |       ||   769
       Headbutt          |    13 |    23 |    99 |   105 |     3 ||   243
       Falchion          |       |       |       |   319 |    25 ||   344
       Scimitar          |       |       |       |   137 |     3 ||   140
       Longbow           |       |       |       |       |     1 ||     1
 Fire: Longbow           |       |       |       |   335 |  1091 ||  1426
       Shortbow          |       |       |       |    11 |       ||    11
Invok: Heroism           |       |     1 |     3 |     9 |     3 ||    16
       Finesse           |       |       |       |     3 |     3 ||     6
Evoke: Wand              |       |       |       |     9 |     3 ||    12
       Lamp of fire      |       |       |       |       |     2 ||     2
       Phial of floods   |       |       |       |       |     1 ||     1
  Use: Potion            |       |     1 |       |       |    12 ||    13
       Scroll            |       |       |       |    15 |     9 ||    24
  Eat: Chunk             |     2 |     6 |    16 |    35 |    33 ||    92
       Fruit             |       |       |       |       |     5 ||     5
       Beef jerky        |       |       |       |       |     1 ||     1
Armor: Scale mail        |    10 |       |       |       |       ||    10
       Chain mail        |    61 |    14 |       |       |     3 ||    78
       Plate armour      |       |    83 |   230 |   295 |   150 ||   758
       Crystal plate arm |       |       |       |       |     3 ||     3
       Fire dragon scale |       |       |       |       |    19 ||    19
Dodge: Dodged            |    25 |    13 |    59 |   120 |   117 ||   334
Block: Shield            |    84 |    64 |   226 |   190 |       ||   564
       Rpst.: Long sword |     6 |     2 |    14 |       |       ||    22
       Falchion          |       |       |       |    13 |       ||    13
       Scimitar          |       |       |       |     8 |       ||     8
